AoeStats
← 匹皮姆貓

Oasis

507986100Analyzed
3v3 RM · 10d ago on Sep 20, 2026· 30m 16s· 6 players
Game mode
Random Map
Map size
Normal (6 player)
Population
200
Speed
Normal
Resources
Standard
Victory
Conquest
Starting age
Dark Age
Ending age
Imperial Age
RankedLock teamsTeams togetherTeam positionsShared explorationLock speedFull tech treeHidden civsTurbo modeCheats
Victory
Defeat
🇳🇴 Aztecs · Norway
1395
+11
🇨🇴 Mongols · Colombia
1298
+14
🇨🇿 Turks · Czechia
1229
+17
🇹🇼 Persians · Taiwan
1267
-14
🇹🇼 Franks · Taiwan
1264
-14
🇹🇼 Khmer · Taiwan
1262
-14
dobled2daoe
8:31 Feudal Age
6:47 Loom
9:12 Double-Bit Axe
14:23 Horse Collar
20:17 Castle Age
19:09 Bloodlines
20:36 Gold Mining
20:58 Scale Barding Armor
21:04 Forging
29:55 Wheelbarrow
Sasha The Bunny
5:03 Loom
10:11 Feudal Age
10:47 Double-Bit Axe
10:45 Horse Collar
15:54 Scale Mail Armor
16:58 Gold Mining
17:46 Arson
23:13 Castle Age
22:23 Forging
23:37 Eagle Warrior
24:18 Squires
25:25 Gold Shaft Mining
30:23 Bow Saw
xdundee
9:05 Loom
11:20 Feudal Age
17:22 Castle Age
15:28 Horse Collar
16:22 Double-Bit Axe
17:05 Gold Mining
19:54 Wheelbarrow
22:44 Heavy Plow
23:57 Bow Saw
25:03 Fletching
25:59 Scale Barding Armor
26:45 Bloodlines
29:32 Forging
29:42 Hand Cart
30:25 Redemption
匹皮姆貓
9:58 Feudal Age
11:08 Double-Bit Axe
14:09 Loom
21:35 Castle Age
20:38 Scale Barding Armor
21:38 Forging
21:31 Gold Mining
22:34 Wheelbarrow
23:00 Chain Barding Armor
TAG_VA
11:09 Feudal Age
14:04 Castle Age
13:02 Double-Bit Axe
13:07 Horse Collar
18:09 Bloodlines
19:36 Husbandry
23:41 Loom
24:36 Scale Barding Armor
25:32 Forging
TAG_MING
7:08 Loom
9:18 Feudal Age
10:11 Double-Bit Axe
14:57 Horse Collar
19:24 Scale Barding Armor
20:04 Forging
23:31 Wheelbarrow
26:16 Castle Age
27:42 Fletching
28:39 Bow Saw
Connection lost

Rejoining the realm…

Still unreachable

The connection could not be restored.

Session expired

The server has moved on; the page needs a fresh start.